 Dungeon Crawl Stone Soup version 0.31-a0-774-g0d66cbabe8 (webtiles) character file.

Game seed: 9320172163362315735

85 pokeman the Magician (level 4, -5/25 HPs)
             Began as a Deep Elf Hedge Wizard on Sept 17, 2023.
             Slain by a gnoll
             ... wielding a +0 spear
              (10 damage)
             ... on level 2 of the Dungeon.
             The game lasted 00:03:06 (1792 turns).

pokeman the Magician (Deep Elf Hedge Wizard)        Turns: 1792, Time: 00:03:06

Health: -5/25      AC:  2    Str:  7    XL:     4   Next: 25%
Magic:  1/13       EV: 12    Int: 21    God:
Gold:   35         SH:  0    Dex: 14    Spells: 6/14 levels left

rFire   . . .        h - +1 dagger (flame)
rCold   . . .        (no shield)
rNeg    . . .        b - +0 robe
rPois   .            c - +0 hat
rElec   .            (no cloak)
rCorr   .            (no gloves)
SInv    .            (no boots)
Will    .....        (no amulet)
Stlth   ++           (no ring)
HPRegen 0.24/turn    (no ring)
MPRegen 0.13/turn

%: no passive effects
@: no status effects
A: no striking features
a: no special abilities


You were on level 2 of the Dungeon.
You visited 1 branch of the dungeon, and saw 2 of its levels.

You collected 35 gold pieces.

Inventory:

Hand Weapons
 h - a +1 dagger of flaming (weapon)
Armour
 b - a +0 robe (worn)
 c - a +0 hat (worn)
Magical Staves
 j - a staff of death
Scrolls
 a - a scroll of fog {unknown}
 e - a scroll of identify {unknown}
 f - a scroll of enchant weapon {unknown}
Potions
 d - 2 potions of magic
 g - a potion of attraction {unknown}
 i - 2 potions of lignification {unknown}


   Skills:
 - Level 1.0 Fighting
 - Level 1.0 Armour
 + Level 2.6 Dodging
 + Level 2.6 Stealth
 * Level 5.6 Spellcasting
 + Level 2.2 Conjurations
 - Level 1.1 Summonings
 - Level 1.1 Translocations


You had 6 spell levels left.
You knew the following spells:

 Your Spells              Type           Power      Damage    Failure   Level
a - Magic Dart            Conj           60%        1d6       4%          1
b - Mephitic Cloud        Conj/Pois/Air  9%         N/A       22%         3
c - Call Imp              Summ           20%        N/A       10%         2
d - Blink                 Tloc           20%        N/A       10%         2

Your spell library contained the following spells:

 Spells                   Type           Power      Damage    Failure   Level
 Slow                     Hex            20%        N/A       11%         1
 Cigotuvi's Dreadful Rot  Necr/Pois/Air  10%        N/A       16%         2


Dungeon Overview and Level Annotations

Branches:
Dungeon (2/15)

Altars:


Message History

You hit the gnoll. You burn the gnoll.
The gnoll is moderately wounded.
The gnoll completely misses you.
You hit the gnoll. You burn the gnoll.
The gnoll is heavily wounded.
You hit the gnoll but do no damage.
The gnoll is heavily wounded.
The gnoll hits you with a +0 spear!
You hit the gnoll but do no damage.
The gnoll is heavily wounded.
Casting: Mephitic Cloud (extremely dangerous; 22% risk of failure)
Confirm with . or Enter, or press ? or * to list all spells.
Aiming: Mephitic Cloud (extremely dangerous; 22% risk of failure)
Press: ? - help, Shift-Dir - straight line, p - gnoll The ball explodes into a vile cloud!
The stinking cloud engulfs the gnoll but does no damage.
The gnoll is heavily wounded.
The stinking cloud engulfs the gnoll but does no damage.
The gnoll is severely wounded.
The gnoll is engulfed in noxious fumes.
Unknown command.
You hit the gnoll but do no damage.
The gnoll is heavily wounded.
The gnoll misses you.
You hit the gnoll but do no damage.
The gnoll is heavily wounded.
The gnoll hits you with a +0 spear.
The gnoll is engulfed in noxious fumes.
The gnoll appears confused.
Unknown command.
You hit the gnoll. You burn the gnoll.
The gnoll is almost dead.
The gnoll hits you with a +0 club.
* * * LOW HITPOINT WARNING * * *
Unknown command.
You hit the gnoll. You burn the gnoll.
You kill the gnoll!
You barely miss the gnoll.
The gnoll is heavily wounded.
The gnoll hits you with a +0 spear!
You die...

#...## #....##
#.#...##
#.##.(.######
###.###..[....#
#...# #⌠_.....#
#...###.....).#
#...##.†.####)#
#...#...##g@..#
#......##..).##
#.....##.....#
#....##......#
###.##########
########.#######
................
########.#######
....


You could see a gnoll (confused).

Vanquished Creatures
  An adder (D:2)
  3 gnolls (D:2)
  A dart slug (D:1)
  3 bats
  4 endoplasms (D:1)
  2 giant cockroaches (D:1)
  3 goblins (D:1)
  4 hobgoblins
  7 jackals
  3 quokkas (D:1)
  A ball python (D:1)
  4 frilled lizards
  3 kobolds
  A rat (D:1)
40 creatures vanquished.

Notes
Turn   | Place    | Note
-------+----------+-------------------------------------------
     0 | D:1      | pokeman the Deep Elf Hedge Wizard began the quest for the
                  | Orb.
     0 | D:1      | Reached XP level 1. HP: 10/10 MP: 7/7
   195 | D:1      | Reached XP level 2. HP: 6/16 MP: 2/9
   880 | D:1      | Reached skill level 5 in Spellcasting
  1068 | D:1      | Reached XP level 3. HP: 20/20 MP: 6/11
  1072 | D:1      | Learned a level 3 spell: Mephitic Cloud
  1075 | D:1      | Learned a level 2 spell: Call Imp
  1078 | D:1      | Learned a level 2 spell: Blink
  1503 | D:2      | Reached skill level 1 in Fighting
  1507 | D:2      | Reached skill level 1 in Armour
  1702 | D:2      | Found a faded altar of an unknown god.
  1778 | D:2      | Reached XP level 4. HP: 25/25 MP: 2/13
  1792 | D:2      | Slain by a gnoll

Illustrated notes

Levels and vault maps discovered:
D:1:      co_arrival_hexagon_in_a_hexagon, layout_basic, minmay_misc_feat_tiny,
          wad_floor_pattern_2, minmay_misc_feat_four_crosses, nrook_campfire
D:2:      layout_basic, basic_altar, hellmonk_ecumenical_altar_crossroads

Skill      XL: |  1  2  3 |
---------------+----------+-----
Spellcasting   | 5 |  5.6
Conjurations   | 2 |  2.2
Fighting       | 1 |  1.0
Armour         | 1 |  1.0
Dodging        | |  2.6
Stealth        | |  2.6
Summonings     | |  1.1
Translocations | |  1.1

Action                     |  1- 3 |  4- 6 || total
---------------------------+-------+-------++-------
  Melee: Dagger            |    28 |    11 ||    39
         Punch             |     1 |       ||     1
   Cast: Magic Dart        |    91 |       ||    91
         Mephitic Cloud    |     2 |     1 ||     3
 Armour: Robe              |    15 |     5 ||    20
  Dodge: Dodged            |    48 |     2 ||    50

Table legend: (Time is in decaauts)
 A = Elapsed time spent in this place.
 B = Non-inter-level travel time spent in this place.
 C = Inter-level travel time spent in this place.
 D = Time resting spent in this place.
 E = Time spent auto-exploring this place.
 F = Levels seen in this place.
 G = Mean time per level.
                   A        B        C        D        E       F      G
               +--------+--------+--------+--------+--------+-----+--------+
         Total |   1791 |   1779 |     12 |      0 |   1540 |   2 |  895.5 |
       Dungeon |   1791 |   1779 |     12 |      0 |   1540 |   2 |  895.5 |
               +--------+--------+--------+--------+--------+-----+--------+

Top non-repeatable levels by time:
     D:1: 1325 daAuts
     D:2: 466 daAuts
